 Dungeon Crawl Stone Soup version 0.26-a0-667-g92642533e4 (webtiles) character file.

Game seed: 1118788315440805198

2405 lunkers the Frost Mage (level 9, -4/51 HPs)
             Began as an Octopode Ice Elementalist on Oct 16, 2020.
             Slain by an ogre
             ... wielding a +0 giant club
              (18 damage)
             ... on level 7 of the Dungeon.
             The game lasted 00:15:48 (8977 turns).

lunkers the Frost Mage (Octopode Ice Elementalist)  Turns: 8977, Time: 00:15:49

Health: -4/51      AC:  1    Str: 13    XL:     9   Next: 47%
Magic:  15/18      EV: 13    Int: 20    God:
Gold:   539        SH:  4    Dex: 12    Spells: 10/21 levels left

rFire    . . .     SeeInvis +   a - +9 war axe of Uduil {flame, Str+5}
rCold    . . .     Faith    .   i - +0 buckler
rNeg     . . .     Spirit   .   (helmet restricted)
rPois    .         Reflect  .   (no amulet)
rElec    .         Harm     .   k - ring of see invisible
rCorr    .         Rampage  .   (no ring)
MR       .....                  (no ring)
Stlth    +++.......             (no ring)
HPRegen  0.17/turn              (no ring)
MPRegen  0.16/turn              (no ring)
                                (no ring)
                                (no ring)

@: frozen ramparts
A: almost no armour, stealthy swim, amphibious, 8 rings, constrict 8, camouflage
1, gelatinous body 1
a: no special abilities


You were on level 7 of the Dungeon.
You visited 2 branches of the dungeon, and saw 8 of its levels.
You also visited: Sewer.

You collected 539 gold pieces.

Inventory:

Hand Weapons
 a - the +9 war axe of Uduil (weapon) {flame, Str+5}
   (You found it on level 4 of the Dungeon)

   It has been specially enchanted to burn those struck by it, causing extra
   injury to most foes and up to half again as much damage against particularly
   susceptible opponents.
   Big, fiery blades are also staple armaments of hydra-hunters.
   It affects your strength (+5).
Missiles
 t - 8 atropa-tipped darts {=f}
Armour
 i - a +0 buckler (worn)
Magical Staves
 b - an uncursed staff of cold
Jewellery
 k - a ring of see invisible (left tentacle)
Wands
 u - a wand of iceblast (17)
 x - a wand of acid (11)
 A - a wand of enslavement (13)
 F - a wand of paralysis (8)
 H - a wand of disintegration (15)
Scrolls
 c - a scroll of enchant armour {unknown}
 d - 3 scrolls of blinking
 f - 2 scrolls of immolation {unknown}
 n - 3 scrolls of identify
 o - 2 scrolls of amnesia {unknown}
 v - 4 scrolls of teleportation {unknown}
 w - a scroll of fear {unknown}
 y - 4 scrolls of remove curse
 z - a scroll of torment {unknown}
 B - 3 scrolls of enchant weapon {unknown}
 C - a scroll of holy word {unknown}
 D - 3 scrolls of noise {unknown}
 E - a scroll of fog {unknown}
 G - a scroll of magic mapping
 I - a scroll of random uselessness {unknown}
Potions
 e - a potion of invisibility
 g - 2 potions of haste
 h - 2 potions of brilliance
 j - a potion of ambrosia
 l - a potion of cancellation
 m - 2 potions of stabbing
 p - 2 potions of curing
 q - 3 potions of heal wounds
 r - a potion of degeneration
 s - a potion of lignification {unknown}


   Skills:
 - Level 2.0 Dodging
 - Level 2.6 Stealth
 + Level 3.6 Shields
 + Level 6.5 Spellcasting
 * Level 10.4 Ice Magic


You had 10 spell levels left.
You knew the following spells:

 Your Spells              Type           Power        Failure   Level
a - Freeze                Ice            ####         1%          1
b - Frozen Ramparts       Ice            #####.       1%          3
c - Ozocubu's Armour      Ice            #####...     1%          3
d - Summon Ice Beast      Ice/Summ       ####....     12%         4

Your spell library contained the following spells:

 Spells                   Type           Power        Failure   Level
 Corona                   Hex            #......      11%         1
 Hailstorm                Conj/Ice       ####....     12%         4
 Slow                     Hex            #.......     16%         2
 Inner Flame              Hex/Fire       #.......     30%         3
 Portal Projectile        Hex/Tloc       #.....       30%         3
 Cause Fear               Hex            #.........   71%         4
 Leda's Liquefaction      Hex/Erth       #.........   71%         4


Dungeon Overview and Level Annotations

Branches:
Dungeon (7/15)             Temple (1/1) D:5           Sewer (visited)

Altars:
Ashenzari
Cheibriados
Elyvilon
Fedhas
Gozag
Hepliaklqana
Kikubaaqudgha
Makhleb
Nemelex Xobeh
Ru
Sif Muna
Trog
Uskayaw
Wu Jian
Zin
The Shining One


Innate Abilities, Weirdness & Mutations

You cannot wear most types of armour.
You are very stealthy in the water. (Stealth+)
You are amphibious.
You can wear up to eight rings at the same time.
You can use your tentacles to constrict eight enemies at once.
Your skin changes colour to match your surroundings (Stealth+).
Your rubbery body absorbs attacks. (AC +1, EV +1)


Message History

An ogre is nearby!
Found a murky inky potion.
An iguana comes into view.
Casting: Frozen Ramparts (safe; 1% risk of failure)
Confirm with . or Enter, or press ? or * to list all spells.
You freeze the ogre.
The ogre shouts!
The ogre is moderately wounded.
The iguana hisses angrily.
The ogre hits you with a +0 giant club!!
* * * LOW HITPOINT WARNING * * *
You open the door. The ogre hits you with a +0 giant club!
* * * LOW HITPOINT WARNING * * *
There is an open door here.
Casting: Freeze (safe; 1% risk of failure)
Confirm with . or Enter, or press ? or * to list all spells.
The walls around you are covered in ice.
The wall freezes the ogre!
The ogre hits you with a +0 giant club!!
You die...

#.....#
#...........#
#.....#
.#.###..####(#
#.....# ..........#
#.# #.....#
#.#.###...###.#
#.....# #.......#
#.....#
#.####>######
#.....# #......#
#.....##########..#
+.....lO@....# #.[#
#.....######.###..#
#.........(.......#
#.....######.####.#
#.##### #......#
!.. ######## ###


You could see an ogre and an iguana.

Vanquished Creatures
  Purgy (Sewer)
  An ice beast (D:7)
  A black bear (D:7)
  3 sky beasts
  2 phantoms
  3 ogres
  3 centaurs
  4 bullfrogs
  4 wights
  A bullfrog zombie (D:5)
  3 orc priests
  A centaur skeleton (D:5)
  A jelly (D:6)
  A hound (D:6)
  A bullfrog skeleton (D:6)
  Jessica (D:2)
  3 orc wizards
  An iguana (D:6)
  7 worker ants
  A hound skeleton (D:6)
  10 adders
  A shadow imp (D:7)
  2 white imps
  An ooze (D:3)
  4 worms
  4 dart slugs (D:1)
  4 leopard geckos
  9 orcs
  9 bats
  7 giant cockroaches
  8 goblins
  4 hobgoblins
  10 jackals
  A quokka (D:7)
  3 ball pythons
  4 frilled lizards
  7 kobolds
  2 quokka skeletons
  7 rats
140 creatures vanquished.

Notes
Turn   | Place    | Note
-------+----------+-------------------------------------------
     0 | D:1      | lunkers the Octopode Ice Elementalist began the quest for
                  | the Orb.
     0 | D:1      | Reached XP level 1. HP: 11/11 MP: 3/3
   172 | D:1      | Reached XP level 2. HP: 17/17 MP: 0/5
   669 | D:1      | Reached XP level 3. HP: 18/21 MP: 3/6
   747 | D:1      | Learned a level 3 spell: Frozen Ramparts
   769 | D:1      | Learned a level 3 spell: Ozocubu's Armour
  1532 | D:2      | Reached skill level 5 in Ice Magic
  1750 | D:2      | Noticed Jessica
  1758 | D:2      | Killed Jessica
  1758 | D:2      | Reached XP level 4. HP: 26/27 MP: 5/8
  2475 | D:3      | Found a glowing drain.
  2480 | D:3      | Reached XP level 5. HP: 26/31 MP: 0/9
  2544 | Sewer    | Entered a sewer
  2687 | Sewer    | Noticed Purgy
  2700 | Sewer    | Killed Purgy
  2700 | Sewer    | Reached skill level 6 in Ice Magic
  2977 | D:3      | Found a snail-covered altar of Cheibriados.
  2992 | D:3      | Reached XP level 6. HP: 30/36 MP: 7/11
  3320 | D:3      | You fall into a shaft and drop 2 floors!
  3320 | D:5      | Entered Level 5 of the Dungeon
  3403 | D:4      | You fall into a shaft and drop 1 floor!
  3439 | D:5      | Noticed a phantom
  3445 | D:5      | Found a staircase to the Ecumenical Temple.
  3457 | Temple   | Entered the Ecumenical Temple
  3857 | D:5      | HP: 1/36 [bullfrog zombie (1)]
  4167 | D:4      | Got a crude war axe
  4168 | D:4      | Identified the +9 war axe of Uduil {flame, Str+5} (You
                  | found it on level 4 of the Dungeon)
  4546 | D:3      | Reached skill level 7 in Ice Magic
  4810 | D:4      | Reached XP level 7. HP: 24/41 MP: 10/13
  5226 | D:5      | Found a broken altar of Ashenzari.
  5264 | D:5      | Learned a level 4 spell: Summon Ice Beast
  5881 | D:5      | Reached skill level 5 in Spellcasting
  5881 | D:5      | Reached skill level 8 in Ice Magic
  5881 | D:5      | Reached XP level 8. HP: 35/46 MP: 15/15
  6939 | D:6      | Reached skill level 9 in Ice Magic
  6965 | D:6      | Reached skill level 1 in Shields
  7753 | D:7      | Reached XP level 9. HP: 44/51 MP: 13/18
  8229 | D:7      | Reached skill level 10 in Ice Magic
  8977 | D:7      | Slain by an ogre

Illustrated notes

Levels and vault maps discovered:
D:1:      minmay_arrival_shattered_statue, layout_loops_cross
D:2:      layout_basic, uniq_jessica
D:3:      layout_loops_ring, cheibriados_altar_1, gup_sewer_entry_bubbles,
          due_unseen_surprise
D:4:      layout_cave_pools
D:5:      layout_loops_ring, evilmike_ruin_ashenzari, minmay_temple_entry_ruins
D:6:      kennysheep_spiral_hall, layout_rooms
D:7:      layout_basic
Temple:   dpeg_chambers_temple

Skill      XL: |  1  2  3  4  5  6  7  8  9 |
---------------+----------------------------+-----
Ice Magic      | 5 6 7 8 9 10 | 10.4
Spellcasting   | 3 4 5 6 |  6.5
Shields        | 2 3 |  3.6
Dodging        | |  2.0
Stealth        | |  2.6

Action                   |  1- 3 |  4- 6 |  7- 9 || total
-------------------------+-------+-------+-------++-------
Melee: Unarmed           |     1 |     2 |       ||     3
       War axe           |       |     8 |    44 ||    52
       Constrict         |       |     2 |     7 ||     9
       Tentacles         |       |     1 |     9 ||    10
       Staff             |       |       |     6 ||     6
 Cast: Freeze            |    49 |    77 |    63 ||   189
       Frozen Ramparts   |       |     7 |    10 ||    17
       Ozocubu's Armour  |       |       |     1 ||     1
  Use: Scroll            |       |     6 |     7 ||    13
 Stab: Sleeping          |       |       |     3 ||     3
Armor: Skin              |     7 |     6 |     3 ||    16
Dodge: Dodged            |    24 |    49 |    61 ||   134
Block: Buckler           |       |       |    12 ||    12

Table legend: (Time is in decaauts)
 A = Elapsed time spent in this place.
 B = Non-inter-level travel time spent in this place.
 C = Inter-level travel time spent in this place.
 D = Time resting spent in this place.
 E = Time spent auto-exploring this place.
 F = Levels seen in this place.
 G = Mean time per level.
                   A        B        C        D        E       F      G
               +--------+--------+--------+--------+--------+-----+--------+
         Total |   9005 |   8904 |    101 |    490 |   7046 |   9 | 1000.6 |
       Dungeon |   8288 |   8196 |     92 |    376 |   6669 |   7 | 1184.0 |
        Temple |    328 |    319 |      9 |      0 |    188 |   1 |  328.0 |
         Sewer |    387 |    387 |      0 |    114 |    189 |   1 |  387.0 |
               +--------+--------+--------+--------+--------+-----+--------+

Top non-repeatable levels by time:
     D:7: 1463 daAuts
     D:6: 1254 daAuts
     D:5: 1222 daAuts
     D:1: 1163 daAuts
     D:3: 1124 daAuts
     D:2: 1073 daAuts
     D:4: 986 daAuts
   Sewer: 387 daAuts
  Temple: 328 daAuts
